 Dungeon Crawl Stone Soup version 0.28.0-43-g3370ac3207 (webtiles) character file.

Game seed: 8840880374274143240

305 Cykl0x the Digger (level 6, -4/33 HPs)
             Began as a Gargoyle Earth Elementalist on Mar 4, 2022.
             Slain by Eustachio
             ... wielding a +0 rapier
              (9 damage)
             ... on level 4 of the Dungeon.
             The game lasted 00:06:58 (3956 turns).

Cykl0x the Digger (Gargoyle Earth Elementalist)     Turns: 3956, Time: 00:06:59

Health: -4/33      AC:  8    Str: 11      XL:     6   Next: 39%
Magic:  2/11       EV: 11    Int: 18      God:
Gold:   97         SH:  0    Dex:  8 (10) Spells: 7/11 levels left

rFire   . . .      SeeInvis .   k - +0 long sword
rCold   . . .      Faith    .   (no shield)
rNeg    + . .      Spirit   .   b - +0 robe
rPois   ∞          Reflect  .   c - +0 helmet
rElec   +          Harm     .   (no cloak)
rCorr   .          Rampage  .   o - +0 pair of gloves
Will    .....                   (no boots)
Stlth   ++........              (no amulet)
HPRegen 0.11/turn               (no ring)
MPRegen 0.12/turn               (no ring)

@: mighty
A: sickness immunity, AC +4, negative energy resistance 1, electricity
resistance, torment resistance 1, petrification resistance
a: no special abilities


You were on level 4 of the Dungeon.
You visited 1 branch of the dungeon, and saw 4 of its levels.

You collected 97 gold pieces.

Inventory:

Hand Weapons
 a - a +0 short sword
 k - a +0 long sword (weapon)
Missiles
 i - 43 stones
Armour
 b - a +0 robe (worn)
 c - a +0 helmet (worn)
 h - a +0 scale mail
 l - a +0 leather armour
 o - a +0 pair of gloves (worn)
Jewellery
 e - a ring of flight
Scrolls
 m - a scroll of teleportation
Potions
 d - a potion of haste
 f - a potion of flight
 j - a potion of brilliance {unknown}
 n - a potion of curing
 p - a potion of mutation {unknown}


   Skills:
 + Level 0.3 Fighting
 + Level 0.2(0.8) Short Blades
 + Level 1.2(1.3) Long Blades
 + Level 1.8 Dodging
 - Level 2.1 Stealth
 + Level 3.4 Spellcasting
 * Level 2.8 Conjurations
 - Level 0.7 Transmutations
 + Level 5.9 Earth Magic


You had 7 spell levels left.
You knew the following spells:

 Your Spells              Type           Power      Damage    Failure   Level
a - Sandblast             Erth           48%        2d12      1%          1
b - Stone Arrow           Conj/Erth      36%        3d9       8%          3

Your spell library contained the following spells:

 Spells                   Type           Power      Damage    Failure   Level
 Passwall                 Tmut/Erth      12%        N/A       6%          2
 Apportation              Tloc           6%         N/A       16%         1
 Summon Small Mammal      Summ           12%        N/A       16%         1
 Petrify                  Tmut/Erth      15%        N/A       36%         4
 Alistair's Intoxication  Tmut/Pois      2%         N/A       98%         5


Dungeon Overview and Level Annotations

Branches:
Dungeon (4/15)
 Temple: D:4-7

Altars:
Kikubaaqudgha
Sif Muna
Xom

Annotations:
D:4 3 runed translucent doors, Eustachio; daodarkstar's ghost, novice DsFi


Innate Abilities, Weirdness & Mutations

You are immune to sickness and miasma.
Your stone body is resilient. (AC +4)
You are immune to poison.
You resist negative energy. (rN+)
You are resistant to electric shocks. (rElec)
You are resistant to unholy torment.
You are immune to petrification.


Message History

The quasit claws you. x2; The rat bites you.
Eustachio misses you.
You closely miss Eustachio.
Eustachio is moderately wounded.
The quasit barely misses you. The quasit closely misses you.
The quasit claws you but does no damage.
The rat barely misses you. Eustachio closely misses you.
The quasit closely misses you. x2
The quasit claws you but does no damage.
You hit Eustachio.
Eustachio is heavily wounded.
The crimson imp disappears in a puff of smoke!
The quasit bites you but does no damage.
The quasit claws you but does no damage.
The quasit closely misses you. The rat barely misses you.
Eustachio hits you but does no damage. The quasit closely misses you. x3
The rat closely misses you.
You closely miss Eustachio.
Eustachio is heavily wounded.
Eustachio closely misses you.
The quasit bites you but does no damage.
The quasit claws you.
* * * LOW HITPOINT WARNING * * *
You feel clumsy. The quasit closely misses you.
The rat bites you but does no damage. Eustachio hits you with a +0 rapier.
* * * LOW HITPOINT WARNING * * *
You miss Eustachio.
Eustachio is moderately wounded.
The quasit closely misses you.
The quasit claws you but does no damage.
The quasit misses you.
The crimson imp blinks!
The rat closely misses you. The quasit bites you.
* * * LOW HITPOINT WARNING * * *
The quasit claws you.
* * * LOW HITPOINT WARNING * * *
You feel clumsy.
The quasit claws you but does no damage.
Eustachio says, "My allies will avenge me."
Eustachio hits you with a +0 rapier!
You die...

#.. #.........#.....
#... #.........#.....
#... #.........#..... #
#.. #.........##+#..
#.##..#####+#..........
#...........#..........
#...........#..........
#.$...r.?...#..........
#....@@§....#..........
#....5......'..........
#...........#..........
#5.##.##....#..........
#. #. #.†..#.......###
.. ........#.......# .
.........#.......#
.......>.+.......#
.......#.......#


You could see Eustachio, a quasit (summoned), a crimson imp (summoned) and a rat
(summoned).

Vanquished Creatures
  3 vampire bats (D:3)
  A bullfrog skeleton (D:4)
  An iguana (D:4)
  Robin (D:2)
  4 adders
  2 ufetubi (D:4)
  3 worms
  A dart slug (D:2)
  An orc (D:3)
  5 bats
  3 bat skeletons (D:3)
  2 bat zombies (D:3)
  3 endoplasms
  4 giant cockroaches
  9 goblins
  6 hobgoblins
  2 jackals (D:2)
  2 kobolds (D:1)
  4 quokkas
  5 ball pythons
  2 frilled lizards (D:3)
  A rat (D:1)
65 creatures vanquished.

Notes
Turn   | Place    | Note
-------+----------+-------------------------------------------
     0 | D:1      | Cykl0x the Gargoyle Earth Elementalist began the quest for
                  | the Orb.
     0 | D:1      | Reached XP level 1. HP: 10/10 MP: 3/3
   186 | D:1      | Reached skill level 4 in Earth Magic
   186 | D:1      | Reached XP level 2. HP: 15/15 MP: 1/5
   297 | D:1      | Found a faded altar of an unknown god.
   307 | D:1      | Got Plato's Tome of Calling
   514 | D:1      | Reached skill level 1 in Conjurations
  1006 | D:2      | Noticed Robin
  1008 | D:2      | Reached XP level 3. HP: 19/19 MP: 2/6
  1271 | D:1      | Learned a level 3 spell: Stone Arrow
  1273 | D:2      | Killed Robin
  2438 | D:3      | Found a shimmering altar of Xom.
  2466 | D:3      | Found a shimmering blue altar of Sif Muna.
  2469 | D:3      | Reached XP level 4. HP: 24/24 MP: 4/8
  3384 | D:3      | Found an ancient bone altar of Kikubaaqudgha.
  3389 | D:3      | Reached XP level 5. HP: 28/28 MP: 6/9
  3390 | D:3      | Reached skill level 5 in Earth Magic
  3393 | D:3      | Reached skill level 1 in Long Blades
  3608 | D:4      | Reached XP level 6. HP: 33/33 MP: 8/11
  3697 | D:4      | Found a runed translucent gate.
  3697 | D:4      | Found a runed translucent gate.
  3697 | D:4      | Found a runed translucent gate.
  3699 | D:4      | Noticed an ice beast
  3700 | D:4      | Noticed daodarkstar's ghost (novice DsFi)
  3701 | D:4      | Noticed a hornet
  3937 | D:4      | Noticed Eustachio
  3956 | D:4      | Slain by Eustachio

Illustrated notes

Levels and vault maps discovered:
D:1:      sevenhm_arrival_forest_fort_small_4, layout_rooms,
          shapermc_ecumenical_altar_rom_forum, minmay_misc_feat_encased,
          minmay_strange_pillars, chequers_decorated_corner
D:2:      layout_loops_ring, uniq_robin
D:3:      layout_loops_ring, kennysheep_vampire_church,
          mainiacjoe_overflow_two_lobes, minmay_quantized
D:4:      layout_gridville, gammafunk_ghost_split, uniq_eustachio

Skill      XL: |  1  2  3  4  5 |
---------------+----------------+-----
Earth Magic    | 4 5 |  5.9
Conjurations   | 1 2 |  2.8
Spellcasting   | 3 |  3.4
Long Blades    | 1 |  1.2
Fighting       | |  0.3
Short Blades   | |  0.2
Dodging        | |  1.8
Stealth        | |  2.1
Transmutations | |  0.7

Action                   |  1- 3 |  4- 6 || total
-------------------------+-------+-------++-------
Melee: Short sword       |    36 |       ||    36
       Punch             |     1 |     1 ||     2
       Long sword        |       |    24 ||    24
 Cast: Sandblast         |    31 |    21 ||    52
       Stone Arrow       |    12 |    17 ||    29
  Use: Scroll            |     4 |     2 ||     6
       Potion            |       |     1 ||     1
Armor: Robe              |    21 |    40 ||    61
Dodge: Dodged            |    23 |    56 ||    79
